 Dungeon Crawl Stone Soup version 0.27-a0-732-ga892ba84f6 (webtiles) character file.

Game seed: 18027021120347529514

10 Zeld the Insei (level 2, -10/22 HPs)
             Began as a Djinni Transmuter on Mar 23, 2021.
             Mangled by an ogre
             ... wielding a +0 giant club
              (11 damage)
             ... on level 2 of the Dungeon.
             The game lasted 00:00:53 (500 turns).

Zeld the Insei (Djinni Transmuter)                   Turns: 500, Time: 00:00:53

Health: -10/22     AC:  2    Str:  9    XL:     2   Next: 20%
Magic:  0/0        EV: 12    Int: 14    God:
Gold:   26         SH:  0    Dex: 13    Spells: 0/5 levels left

rFire    + + .     SeeInvis .     - Unarmed
rCold    x . .     Faith    .   (no shield)
rNeg     . . .     Spirit   .   a - +0 robe
rPois    ∞         Reflect  .   (no helmet)
rElec    .         Harm     .   (no cloak)
rCorr    .         Rampage  .   (no gloves)
Will     .....                  (boots unavailable)
Stlth    +.........             (no amulet)
HPRegen  0.07/turn              (no ring)
MPRegen  0.00/turn              (no ring)

@: flying
A: fire resistance 2, cold vulnerability 1, float, innate caster, hp casting,
extra vitality 1
a: no special abilities


You were on level 2 of the Dungeon.
You visited 1 branch of the dungeon, and saw 2 of its levels.

You collected 26 gold pieces.

Inventory:

Armour
 a - a +0 robe (worn)
Jewellery
 c - a ring of flight
Potions
 b - a potion of ambrosia {unknown}


   Skills:
 * Level 1.4 Fighting
 - Level 2.1 Dodging
 * Level 3.2 Unarmed Combat
 * Level 2.0 Spellcasting


You couldn't memorise any spells.
You knew the following spells:

 Your Spells              Type           Power      Damage    Failure   Level
a - Beastly Appendage     Tmut           14%        N/A       11%         1
b - Wereblood             Tmut           7%         N/A       16%         2
c - Spider Form           Tmut/Pois      3%         N/A       30%         3
d - Ice Form              Ice/Tmut       7%         N/A       71%         4
e - Blade Hands           Tmut           3%         N/A       96%         5
Your spell library was empty.

Dungeon Overview and Level Annotations

Branches:
Dungeon (1/15)

Altars:

Annotations:
D:2 Natasha


Innate Abilities, Weirdness & Mutations

You are immune to poison.
Your flesh is very heat resistant. (rF++)
You are vulnerable to cold. (rC-)
You float through the air rather than walking.
You learn spells naturally, not from books.
Your magical power is your life essence.
You have superior vitality. (+4 HP)


Message History

2 rats come into view.
The rat moves out of view.
The bat closely misses you. The rat misses you.
Found a hunting sling.
You hit the rat.
You kill the rat!
The bat hits you. The bat barely misses you. The bat barely misses you.
Found 13 gold pieces.
You see here a rat corpse.
The bat closely misses you. The bat hits you.
The bat hits you but does no damage. x2
The bat completely misses you. The bat closely misses you.
Natasha, Servant of Life and Death comes into view.
Natasha hisses angrily.
The bat closely misses you.
Found a stone staircase leading up.
You miss Natasha. The bat hits you. The bat misses you.
Natasha stares at you and mumbles some strange words.
The magic dart hits you!
Unknown command.
Casting: Beastly Appendage (safe; 11% risk of failure)
Confirm with . or Enter, or press ? or * to list all spells.
Okay, then.
The bat hits you but does no damage. The bat hits you.
Natasha howls an incantation.
You feel troubled.
You hit the rat but do no damage. The bat barely misses you. The bat hits you.
Natasha claws you but does no damage. The rat closely misses you.
You barely miss the rat. The bat misses you.
Natasha claws you but does no damage.
You hit the rat.
You kill the rat!
The bat hits you but does no damage. The ogre hits you with a +0 giant club!
* * * LOW HITPOINT WARNING * * *
Natasha misses you. The bat closely misses you.
The ogre hits you with a +0 giant club!
Ouch! That really hurt!
You die...

.. #. ..##....
...#.... ? .......
... .....###
###..############
........
.....<.@bh.......
.....###
########O.$......
.......####
###.##..####
.....#....#####...#
.#
...#.####....†....#
.. ...#.#
#####.###..# .#
##...# #.# ##.... #
##..# ... ####..
#### .....


You could see an ogre, Natasha and a bat.

Vanquished Creatures
  A dart slug (D:1)
  A bat (D:1)
  A giant cockroach (D:1)
  A kobold (D:1)
  An ooze (D:1)
  3 rats
8 creatures vanquished.

Notes
Turn   | Place    | Note
-------+----------+-------------------------------------------
     0 | D:1      | Zeld the Djinni Transmuter began the quest for the Orb.
     0 | D:1      | Reached XP level 1. HP: 17/17 MP: 0/0
   372 | D:1      | Reached XP level 2. HP: 20/22 MP: 0/0
   469 | D:1      | You are sucked into a shaft and drop 1 floor!
   470 | D:2      | Noticed an ogre
   494 | D:2      | Noticed Natasha
   499 | D:2      | HP: 1/22 [ogre/+0 giant club (8)]
   500 | D:2      | Mangled by an ogre

Illustrated notes

Levels and vault maps discovered:
D:1:      lightli_arrival_chessboard, layout_basic
D:2:      layout_rooms, dancing_weapons_uskayaw, nicolae_overflow_crystal_walls,
          gammafunk_temple_overflow_pools, uniq_natasha, uniq_terence

Skill      XL: |  1 |
---------------+----+-----
Spellcasting   | 2 |  2.0
Fighting       | |  1.4
Dodging        | |  2.1
Unarmed Combat | |  3.2

Action                   || total
-------------------------++-------
Melee: Unarmed           ||    42
 Cast: Beastly Appendage ||     2
 Stab: Sleeping          ||     1
Armor: Robe              ||    19
Dodge: Dodged            ||    42

Table legend: (Time is in decaauts)
 A = Elapsed time spent in this place.
 B = Non-inter-level travel time spent in this place.
 C = Inter-level travel time spent in this place.
 D = Time resting spent in this place.
 E = Time spent auto-exploring this place.
 F = Levels seen in this place.
 G = Mean time per level.
                   A        B        C        D        E       F      G
               +--------+--------+--------+--------+--------+-----+--------+
         Total |    497 |    497 |      0 |      0 |    403 |   2 |  248.5 |
       Dungeon |    497 |    497 |      0 |      0 |    403 |   2 |  248.5 |
               +--------+--------+--------+--------+--------+-----+--------+

Top non-repeatable levels by time:
     D:1: 467 daAuts
     D:2: 30 daAuts
